 Dungeon Crawl Stone Soup version 0.20-a0-274-g7b51309 (webtiles) character file.

6412 AlphabetPasta the Geomancer (level 10, -7/69 HPs)
             Began as a Mummy Earth Elementalist on Dec 11, 2016.
             Was a Follower of Vehumet.
             Mangled by an unseen horror (11 damage)
             ... on level 9 of the Dungeon.
             The game lasted 01:00:26 (14984 turns).

AlphabetPasta the Geomancer (MuEE)                 Turns: 14984, Time: 01:00:26

Health: -7/69      AC:  4    Str: 11    XL:     10   Next: 66%
Magic:  10/20      EV: 14    Int: 21    God:    Vehumet [*.....]
Gold:   137        SH:  0    Dex: 16    Spells: 7/23 levels left

rFire  x . .     SeeInvis .     a - +0 quarterstaff
rCold  + . .     Gourm    .     c - +0 robe
rNeg   + + +     Faith    .     (shield currently unavailable)
rPois  ∞         Spirit   .     g - +1 helmet
rElec  .         Reflect  .     (no cloak)
rCorr  .         Harm     .     (no gloves)
MR     +....                    (no boots)
Stlth  ++........               r - amulet of magic regeneration
                                m - +3 ring of dexterity
                                p - +3 ring of intelligence

@: very slightly contaminated
A: no food or potions, fire vulnerability, cold resistance 1, negative energy
resistance 3, torment resistance, unbreathing
a: Renounce Religion


You were on level 9 of the Dungeon.
You worshipped Vehumet.
Vehumet was aware of your devotion.
You were not hungry.

You visited 2 branches of the dungeon, and saw 10 of its levels.

You collected 557 gold pieces.
You spent 420 gold pieces at shops.

Inventory:

Hand Weapons
 a - a +0 quarterstaff (weapon)
 l - a +0 spear
Missiles
 b - 106 stones (quivered)
 f - 4 javelins
Armour
 c - a +0 robe (worn)
 g - a +1 helmet (worn)
Jewellery
 k - an uncursed ring of flight
 m - a +3 ring of dexterity (right hand)
 p - a +3 ring of intelligence (left hand)
 r - an amulet of magic regeneration (around neck)
Wands
 h - a wand of flame (0/48)
 i - a wand of digging (12/24)
 n - a wand of hasting (8/9)
 q - a wand of disintegration (15/24)
Scrolls
 e - a scroll of remove curse
 j - 2 scrolls of identify
Books
 d - a book of Geomancy

   Spells                             Type                      Level
   a - Sandblast                      Earth                        1
   b - Passwall                       Transmutation/Earth          2
   c - Stone Arrow                    Conjuration/Earth            3
   d - Petrify                        Transmutation/Earth          4
   e - Lee's Rapid Deconstruction     Earth                        5


   Skills:
 - Level 2.9 Fighting
 - Level 1.1 Staves
 + Level 3.3 Dodging
 - Level 1.5 Stealth
 + Level 7.2 Spellcasting
 + Level 6.0 Conjurations
 - Level 0.7 Transmutations
 + Level 2.2 Fire Magic
 * Level 9.5 Earth Magic


You had 7 spell levels left.
You knew the following spells:

 Your Spells              Type           Power        Failure   Level  Hunger
a - Sandblast             Erth           #####.       1%          1    N/A
b - Passwall              Tmut/Erth      ####......   1%          2    N/A
c - Stone Arrow           Conj/Erth      #####.       1%          3    N/A
d - Petrify               Tmut/Erth      ####....     14%         4    N/A
e - Lee's Rapid Deconstr  Erth           #####.....   6%          5    N/A
f - Flame Tongue          Conj/Fire      ####.        1%          1    N/A

Dungeon Overview and Level Annotations

Branches:
Dungeon (9/15)             Temple (1/1) D:7            Lair (0/6) D:9
    Orc: D:9-12

Altars:
Ashenzari
Cheibriados
Dithmenos
Elyvilon
Fedhas
Gozag
Hepliaklqana
Kikubaaqudgha
Makhleb
Nemelex Xobeh
Okawaru
Qazlal
Ru
Sif Muna
Trog
Uskayaw
Vehumet
Xom
Yredelemnul
Zin
The Shining One

Shops:
D:6 *   D:9 *

Annotations:
D:8 exclusions: efreet and 1 more exclusion


Innate Abilities, Weirdness & Mutations

You do not eat or drink.
Your flesh is vulnerable to fire.
You are immune to poison.
Your flesh is cold resistant. (rC+)
You are immune to negative energy. (rN+++)
You are immune to unholy pain and torment.
You can survive without breathing.


Message History

* * * LOW HITPOINT WARNING * * *
Casting: Sandblast
Confirm with . or Enter, or press ? or * to list all spells.
Aiming: Sandblast
Press: ? - help, Shift-Dir - straight line Something hits you.
* * * LOW HITPOINT WARNING * * *
Something hits you!
* * * LOW HITPOINT WARNING * * *
Casting: Sandblast
Confirm with . or Enter, or press ? or * to list all spells.
You don't know that spell.
Casting: Sandblast
Confirm with . or Enter, or press ? or * to list all spells.
Aiming: Stone Arrow
Press: ? - help, Shift-Dir - straight line The stone arrow hits something.
Something hits you.
* * * LOW HITPOINT WARNING * * *
Something hits you!
You die...

.#.......#........# #....#...
.#.......#........# #....#...
.#.......#.>......# #..###...
.#.......#........# #!.#.....
.'.......#........# #..#.....
.#+##+####........#######..#....#
............#####..........#....#
............#$.{###........#....#
............#[}#@.#........'....#
)...........####..#........######
))).........#...###..............
....{...........#......###'###+#.
............#...###....#.......#.
..###'#####.####..#....#.......#.
..#.......#.# ..#....#......)#.
..#.......#.# ###....#########.
..#.......#.#####................


There were no monsters in sight!

Vanquished Creatures
  A hill giant (D:9)
  The ghost of Guenter the Insei, a novice OpMo (D:4)
  3 two-headed ogres
  3 hippogriffs
  A basilisk (D:9)
  A yak (D:9)
  The ghost of AlphabetPasta the Grave Robber, an amateur CeNe (D:3)
  4 orc warriors
  2 black bears
  4 ice beasts
  7 ogres
  A centaur (D:6)
  A crocodile (D:9)
  A big kobold (D:8)
  8 bullfrogs
  A wyvern zombie (D:8)
  A water moccasin zombie (D:8)
  3 scorpions
  A wight (D:7)
  A howler monkey (D:8)
  A bullfrog zombie (D:5)
  3 crimson imps
  4 hounds
  3 jellies
  5 orc priests
  A bullfrog skeleton (D:8)
  2 centaur skeletons (D:5)
  4 iguanas
  17 orc wizards
  4 worker ants
  2 worker ant zombies
  Robin (D:2)
  3 adders
  6 shadow imps
  3 oozes
  An adder skeleton (D:5)
  A worm (D:4)
  2 dart slugs
  7 leopard geckos
  24 orcs
  10 giant cockroaches
  18 goblins
  16 hobgoblins
  12 jackals
  A quokka (D:2)
  4 ball pythons
  4 bats
  4 frilled lizards
  2 jackal skeletons
  10 kobolds
  A leopard gecko skeleton (D:3)
  2 quokka skeletons
  12 rats
  A spectral orc (D:3)
237 creatures vanquished.

Vanquished Creatures (others)
  A water moccasin skeleton (D:8)
1 creature vanquished.

Grand Total: 238 creatures vanquished

Notes
Turn   | Place    | Note
-------+----------+-------------------------------------------
     0 | D:1      | AlphabetPasta the Mummy Earth Elementalist began the quest for the Orb.
     0 | D:1      | Reached XP level 1. HP: 13/13 MP: 3/3
   437 | D:1      | Reached XP level 2. HP: 19/19 MP: 1/5
   441 | D:1      | Learned a level 2 spell: Passwall
  1073 | D:1      | Reached skill level 3 in Earth Magic
  1310 | D:2      | Reached XP level 3. HP: 21/24 MP: 1/6
  1328 | D:2      | Learned a level 3 spell: Stone Arrow
  2069 | D:2      | Noticed Robin
  2229 | D:2      | Killed Robin
  2229 | D:2      | Reached XP level 4. HP: 30/30 MP: 2/7
  2844 | D:3      | Learned a level 3 spell: Stone Arrow
  3203 | D:3      | Noticed AlphabetPasta's ghost (amateur CeNe)
  3214 | D:3      | Killed AlphabetPasta's ghost
  3214 | D:3      | Reached skill level 1 in Conjurations
  3214 | D:3      | Reached skill level 4 in Earth Magic
  3214 | D:3      | Reached XP level 5. HP: 26/35 MP: 0/10
  3220 | D:3      | Learned a level 4 spell: Petrify
  3856 | D:3      | Found a basalt altar of Yredelemnul.
  4073 | D:4      | Noticed Guenter's ghost (novice OpMo)
  4099 | D:4      | Reached XP level 6. HP: 34/41 MP: 6/11
  4628 | D:4      | Found an ancient bone altar of Kikubaaqudgha.
  5918 | D:5      | Entered Level 5 of the Dungeon
  5993 | D:5      | Reached skill level 5 in Earth Magic
  6372 | D:4      | Killed Guenter's ghost
  6372 | D:4      | Reached XP level 7. HP: 14/46 MP: 4/13
  6623 | D:5      | Noticed a two-headed ogre
  6628 | D:5      | Killed a two-headed ogre
  6628 | D:5      | Reached skill level 6 in Earth Magic
  6628 | D:5      | Reached XP level 8. HP: 31/52 MP: 5/15
  6950 | D:5      | Found an opulent altar of Gozag.
  7176 | D:5      | Reached skill level 5 in Spellcasting
  7239 | D:5      | Found a sparkling altar of Nemelex Xobeh.
  7820 | D:6      | Found a stormy altar of Qazlal.
  7855 | D:6      | Reached skill level 7 in Earth Magic
  8176 | D:6      | Reached skill level 1 in Staves
  8854 | D:6      | Learned a level 5 spell: Lee's Rapid Deconstruction
  8936 | D:6      | Found Xicogot's General Store.
  9413 | D:7      | Reached skill level 1 in Fighting
  9413 | D:7      | Reached XP level 9. HP: 59/59 MP: 7/17
 10221 | D:7      | Reached skill level 8 in Earth Magic
 10635 | D:7      | Found a staircase to the Ecumenical Temple.
 10668 | Temple   | Entered the Ecumenical Temple
 10693 | Temple   | Became a worshipper of Vehumet
 10789 | D:7      | Reached skill level 5 in Conjurations
 11918 | D:8      | Found a glowing silver altar of Zin.
 12247 | D:8      | Found a sacrificial altar of Ru.
 12596 | D:8      | Reached XP level 10. HP: 69/69 MP: 9/19
 12927 | D:8      | Reached skill level 9 in Earth Magic
 13064 | D:8      | Reached * piety under Vehumet
 13064 | D:8      | Offered knowledge of Flame Tongue by Vehumet.
 13107 | D:8      | Learned a level 1 spell: Flame Tongue
 13533 | D:8      | Reached skill level 1 in Fire Magic
 14159 | D:9      | Found a staircase to the Lair.
 14307 | D:9      | Found Neimnat's General Store.
 14526 | D:6      | Bought an uncursed amulet of magic regeneration for 420 gold pieces
 14860 | D:9      | Found a shadowy altar of Dithmenos.
 14860 | D:9      | Found a glowing golden altar of the Shining One.
 14861 | D:9      | Found a burning altar of Makhleb.
 14913 | D:9      | Noticed a hill giant
 14925 | D:9      | Killed a hill giant
 14984 | D:9      | Mangled by an unseen horror

Vault maps used:
D:1:      minmay_arrival_floating_metal
D:2:      uniq_robin
D:3:      yredelemnul_forgotten_temple_becter
D:4:      lemuel_crystal_altar, first_bread
D:5:      nicolae_overflow_hidden_temple, nemelex_xobeh_ov_fountains_minmay
D:6:      grunt_qazlal_clouds, serial_shops, shop
D:7:      grunt_ogre_cave
D:8:      kennysheep_windowed_halls, lemuel_crystal_altar,
          lemuel_coloured_pillars_altar, dk_rats_in_the_wall
D:9:      minmay_blocky_corners, gammafunk_temple_overflow_claw,
          david_lair_generic, serial_shops, nicolae_shop_waterfront
Temple:   jpeg_temple_clearing

Skill      XL: |  1  2  3  4  5  6  7  8  9 10 |
---------------+-------------------------------+-----
Earth Magic    | 3 4 5 6 7 8 9 |  9.5
Spellcasting   | 3 4 5 6 7 |  7.2
Conjurations   | 1 3 4 5 6 |  6.0
Staves         | 1 |  1.1
Fighting       | 1 2 |  2.9
Dodging        | 2 3 |  3.3
Fire Magic     | 2 |  2.2
Stealth        | |  1.5
Transmutations | |  0.7

Action                   |  1- 3 |  4- 6 |  7- 9 | 10-12 || total
-------------------------+-------+-------+-------+-------++-------
Melee: Unarmed           |    26 |     1 |       |       ||    27
       Spear             |       |       |     1 |       ||     1
       Quarterstaff      |       |       |    12 |     1 ||    13
 Cast: Sandblast         |    82 |   137 |   119 |    60 ||   398
       Stone Arrow       |       |    13 |   109 |    57 ||   179
       Passwall          |       |       |     4 |       ||     4
       Lee's Rapid Decon |       |       |       |     2 ||     2
Evoke: Wand              |       |     5 |     1 |     1 ||     7
  Use: Scroll            |     4 |     2 |     7 |     1 ||    14
 Stab: Sleeping          |       |     1 |     1 |       ||     2
Armor: Robe              |    18 |    24 |    20 |     7 ||    69
Dodge: Dodged            |    44 |    80 |    55 |    28 ||   207
